 Dungeon Crawl Stone Soup version 0.30-a0-6-g7c9e10e132 (webtiles) character file.

Game seed: 18435518406433035267

2100 Flugkiller the Cleaver (level 9, -1/79 HPs)
             Began as a Minotaur Fighter on Aug 22, 2022.
             Was a Follower of Cheibriados.
             Shot with a sling bullet by Joseph (11 damage)
             ... on level 7 of the Dungeon.
             The game lasted 00:03:21 (6749 turns).

Flugkiller the Cleaver (Minotaur Fighter)           Turns: 6749, Time: 00:03:21

Health: -1/79      AC:  9    Str: 23    XL:     9   Next: 7%
Magic:  10/10      EV: 11    Int: 13    God:    Cheibriados [*.....]
Gold:   272        SH:  6    Dex: 16    Spells: 8/8 levels left

rFire   + . .      SeeInvis .    a - +0 war axe
rCold   . . .      Faith    .    c - +0 buckler
rNeg    . . .      Spirit   .    b - +0 scale mail
rPois   .          Reflect  .    (helmet restricted)
rElec   .          Harm     .    (no cloak)
rCorr   .          Rampage  .    (no gloves)
Will    .....                    u - +0 pair of boots
Stlth   ..........               (no amulet)
HPRegen 0.23/turn                h - +6 ring of intelligence
MPRegen 0.12/turn                f - ring of protection from fire

@: very slow
A: horns 2, retaliatory headbutt
a: Renounce Religion, Bend Time


You were on level 7 of the Dungeon.
You worshipped Cheibriados.
Cheibriados was aware of your devotion.
You visited 2 branches of the dungeon, and saw 9 of its levels.

You collected 317 gold pieces.
You spent 45 gold pieces at shops.

Inventory:

Hand Weapons
 a - a +0 war axe (weapon)
Armour
 b - a +0 scale mail (worn)
 c - a +0 buckler (worn)
 u - a +0 pair of boots (worn)
   (You found it on level 4 of the Dungeon)
Jewellery
 f - a ring of protection from fire (right hand)
   (You found it on level 1 of the Dungeon)
 h - a +6 ring of intelligence (left hand)
   (You found it on level 1 of the Dungeon)
 n - a ring of wizardry
   (You found it on level 2 of the Dungeon)
Wands
 x - a wand of charming (13)
   (You found it on level 6 of the Dungeon)
 y - a wand of roots (4)
   (You found it on level 6 of the Dungeon)
Scrolls
 e - a scroll of enchant armour
 g - a scroll of silence {unknown}
 i - a scroll of noise {unknown}
 j - 2 scrolls of fog
 l - 3 scrolls of blinking {unknown}
 o - a scroll of summoning
 s - a scroll of poison {unknown}
 t - 4 scrolls of teleportation
 v - a scroll of fear {unknown}
 w - a scroll of enchant weapon {unknown}
Potions
 m - a potion of magic
 q - 2 potions of curing


   Skills:
 + Level 7.5 Fighting
 * Level 8.6 Axes
 + Level 7.6 Armour
 + Level 3.0 Dodging
 - Level 5.5 Shields
 + Level 3.0 Invocations


You had 8 spell levels left.
You didn't know any spells.
Your spell library was empty.

Dungeon Overview and Level Annotations

Branches:
Dungeon (8/15)             Temple (1/1) D:6
   Lair: D:8-11

Altars:
Ashenzari
Cheibriados
Dithmenos
Elyvilon
Fedhas
Gozag
Kikubaaqudgha
Makhleb
Nemelex Xobeh
Okawaru
Ru
Uskayaw
Vehumet
Wu Jian
Xom
Yredelemnul
The Shining One

Shops:
D:1 ?(*(

Annotations:
D:4 3 runed translucent doors, Nebesus's ghost, amateur NaNe
D:7 Joseph


Innate Abilities, Weirdness & Mutations

You have a pair of horns on your head.
You reflexively headbutt those who attack you in melee.


Message History

You start resting.
Magic restored.
You start resting.
Your extra speed is starting to run out.
You start resting.
You feel yourself slow down.
You feel a little less mighty now.
Things that are here:
a yak corpse; a yak corpse; a yak corpse You start resting.
HP restored.
Found a stone staircase leading up.
A bullfrog comes into view.
The bullfrog croaks.
A bullfrog is nearby!
A bullfrog is nearby!
Found a stone staircase leading down.
A bullfrog comes into view.
The bullfrog barely misses you. x2; You furiously retaliate!
You headbutt the bullfrog! You closely miss the bullfrog.
The bullfrog gives a loud, deep croak!
Your headbutt misses the bullfrog.
The bullfrog is severely wounded.
The bullfrog closely misses you. You furiously retaliate!
You headbutt the bullfrog!
You kill the bullfrog!
Cheibriados appreciates the change of pace.
You can now bend time to slow others.
Cheibriados raises the support of your attributes as your movement slows.
Your Invocations skill increases to level 3!
You block the bullfrog's attack.
You hit the bullfrog.
The bullfrog is lightly wounded.
The bullfrog hits you. The bullfrog completely misses you.
You barely miss the bullfrog.
The bullfrog is lightly wounded.
The bullfrog hits you but does no damage.
The bullfrog closely misses you.
You hit the bullfrog but do no damage. You headbutt the bullfrog!
The bullfrog is severely wounded.
The bullfrog hits you but does no damage.
You hit the bullfrog but do no damage.
The bullfrog is severely wounded.
The bullfrog barely misses you. You furiously retaliate!
You headbutt the bullfrog!
You kill the bullfrog!
Cheibriados appreciates the change of pace.
Your Dodging skill increases to level 3!
No target in view!
No target in view!
No target in view!
No target in view!
No target in view!
No target in view!
No target in view!
No target in view!
No target in view!
No target in view!
There is a stone staircase leading up here.
You climb upwards.
Joseph shouts!
Found a clear potion.
There is a stone staircase leading down here.
Joseph is nearby!
Joseph is nearby!
Joseph unwields a +3 quarterstaff.
Joseph wields a +0 sling.
Joseph shoots a sling bullet.
The sling bullet hits you!
Joseph shoots a sling bullet.
The sling bullet hits you.
Joseph unwields a +0 sling.
Joseph wields a +3 quarterstaff.
You block Joseph's attack.
You slash Joseph!
Joseph is lightly wounded.
You block Joseph's attack.
You slash Joseph! Your headbutt misses Joseph.
Joseph is moderately wounded.
Joseph hits you with a +3 quarterstaff! x2
You barely miss Joseph. Your headbutt misses Joseph.
Joseph is moderately wounded.
Joseph hits you with a +3 quarterstaff!
You are too injured to fight recklessly!
You are too injured to fight recklessly!
You hit Joseph. You headbutt Joseph.
Joseph is heavily wounded.
Joseph hits you with a +3 quarterstaff!
* * * LOW HITPOINT WARNING * * *
You are too injured to fight recklessly!
Okay, then.
You don't have any such object.
Evoke which item? (* to show all) (? for menu, Esc to quit)
Okay, then.
Aiming: Fastroot
Press: ? - help, Shift-Dir - straight line The roots erupt in riotous growth!
Roots grab Joseph.
The grasping roots constrict Joseph.
You block Joseph's attack.
The grasping roots constrict Joseph!
The roots release their grip on Joseph.
Joseph unwields a +3 quarterstaff.
Joseph wields a +0 sling.
Joseph shoots a sling bullet.
The sling bullet hits you!
You die...

###############
...............
...!...........
.......@.......
...............
###+##.@.......
#.>..##...
####+# .. .


You could see Joseph.

Vanquished Creatures
  A hornet (D:5)
  A wyvern (D:8)
  4 yaks (D:8)
  An ice beast (D:6)
  A phantom (D:6)
  Blork the orc (D:4)
  3 bullfrogs (D:8)
  3 scorpions
  A gnoll sergeant (D:6)
  2 hounds (D:6)
  2 orc priests (D:5)
  A gnoll bouda (D:6)
  4 iguanas
  3 orc wizards
  A mummy (D:4)
  6 gnolls
  5 adders
  A shadow imp (D:6)
  2 worms
  4 dart slugs
  12 orcs
  6 ball pythons
  6 bats
  10 endoplasms
  4 giant cockroaches
  7 goblins
  5 hobgoblins
  A quokka (D:3)
  6 frilled lizards
  6 kobolds
  4 kobold zombies (D:4)
  7 rats
121 creatures vanquished.

Vanquished Creatures (others)
  2 demonic plants (D:3)
  10 plants
12 creatures vanquished.

Grand Total: 133 creatures vanquished

Notes
Turn   | Place    | Note
-------+----------+-------------------------------------------
     0 | D:1      | Flugkiller the Minotaur Fighter began the quest for the
                  | Orb.
     0 | D:1      | Reached XP level 1. HP: 19/19 MP: 0/0
   294 | D:1      | Found Yceos's Antique Weapon Shoppe.
   389 | D:1      | Found Usahare Seff's Antique Weapon Shoppe.
   410 | D:1      | Reached XP level 2. HP: 27/27 MP: 1/1
   504 | D:1      | Found Wuuhuer's Assorted Antiques.
   517 | D:1      | Bought a scroll labelled COKKOO REHA for 24 gold pieces
   517 | D:1      | Bought a fizzy blue potion for 21 gold pieces
   662 | D:1      | Found Waf Hake's Magic Scroll Boutique.
  1056 | D:2      | Reached skill level 3 in Axes
  1056 | D:2      | Reached XP level 3. HP: 33/33 MP: 2/2
  1344 | D:2      | Found a sacrificial altar of Ru.
  1588 | D:2      | Noticed a gnoll sergeant
  1780 | D:3      | Reached XP level 4. HP: 41/41 MP: 3/3
  2598 | D:3      | Found a faded altar of an unknown god.
  2656 | D:4      | Noticed a scorpion
  2667 | D:4      | Killed a scorpion
  2668 | D:4      | Reached XP level 5. HP: 25/47 MP: 4/4
  2963 | D:4      | Reached skill level 4 in Axes
  2996 | D:4      | Reached skill level 5 in Fighting
  2996 | D:4      | Reached skill level 5 in Armour
  2996 | D:4      | Reached skill level 5 in Shields
  2998 | D:4      | Reached XP level 6. HP: 31/56 MP: 5/5
  3193 | D:4      | Noticed Blork the orc
  3208 | D:4      | Killed Blork the orc
  3408 | D:4      | Found an opulent altar of Gozag.
  3538 | D:4      | Found a hide-covered altar of Uskayaw.
  3722 | D:4      | Found a blossoming altar of Fedhas.
  3840 | D:4      | Found a runed translucent gate.
  3840 | D:4      | Found a runed translucent gate.
  3840 | D:4      | Found a runed translucent gate.
  3841 | D:4      | Noticed Nebesus's ghost (amateur NaNe)
  4144 | D:5      | Entered Level 5 of the Dungeon
  4452 | D:5      | Reached skill level 5 in Axes
  4517 | D:5      | Found a sparkling altar of Nemelex Xobeh.
  4601 | D:5      | Reached XP level 7. HP: 57/62 MP: 6/6
  4764 | D:5      | Noticed a hornet
  4768 | D:5      | Paralysed by a hornet for 2 turns
  4773 | D:5      | Killed a hornet
  4774 | D:5      | HP: 3/63 [poisoned by a hornet]
  5139 | D:5      | Reached skill level 6 in Axes
  5416 | D:6      | Found a staircase to the Ecumenical Temple.
  5429 | Temple   | Entered the Ecumenical Temple
  5438 | Temple   | Became a worshipper of Cheibriados the Contemplative
  5567 | D:6      | Reached XP level 8. HP: 71/71 MP: 7/7
  5577 | D:6      | Reached skill level 1 in Invocations
  5583 | D:6      | Reached skill level 7 in Axes
  5999 | D:6      | Reached skill level 1 in Dodging
  6232 | D:6      | You fall into a shaft and drop 2 floors!
  6352 | D:8      | Reached skill level 8 in Axes
  6356 | D:8      | HP: 5/109 [yak (8)]
  6359 | D:8      | Reached XP level 9. HP: 6/79 MP: 8/10
  6720 | D:8      | Reached * piety under Cheibriados
  6739 | D:7      | Noticed Joseph
  6749 | D:7      | Shot with a sling bullet by Joseph

Illustrated notes

Levels and vault maps discovered:
D:1:      dpeg_arrival_central, layout_loops_ring, serial_shops,
          nicolae_shop_temple_entry_statues_fountains, shop,
          nicolae_shop_statue_plus, nicolae_shop_advertising_works
          [nicolae_subvault_shop_adworks], grunt_decor_junction,
          minmay_heptomino_l4
D:2:      layout_loops_ring, basic_altar, pf_guarded_unrand_woodcutter
D:3:      layout_loops_corners, serial_glass, glass_columns_a, glass_columns_a,
          item_on_display_a, feat_on_display,
          dreamdust_ecumenical_altar_sealed_demon, lexackson_kobold_supper
D:4:      layout_basic, grunt_gozag_breadcrumbs, fedhas_altar_4,
          nicolae_uskayaw_murder_on_the_dancefloor, ebering_ghost_rock_garden,
          minmay_mini_ossuary, uniq_blork_the_orc
D:5:      layout_cave_pods, mainiacjoe_overflow_alcove_2
D:6:      layout_basic, nicolae_hepliaklqana_monster_ancestors,
          mainiacjoe_overflow_alcove_1, minmay_temple_entry_sparse_star,
          nicolae_grassy_gnolls
D:7:      layout_gridville, jmf_multi_god_temple2, uniq_joseph
D:8:      layout_loops_cross, kennysheep_mini
Temple:   nicolae_temple_no_exploring_needed

Skill      XL: |  1  2  3  4  5  6  7  8  9 |
---------------+----------------------------+-----
Fighting       | 4 5 6 7 |  7.5
Armour         | 4 5 6 7 |  7.6
Shields        | 4 5 |  5.5
Axes           | 3 4 5 6 8 |  8.6
Invocations    | 2 3 |  3.0
Dodging        | 2 3 |  3.0

Action                   |  1- 3 |  4- 6 |  7- 9 || total
-------------------------+-------+-------+-------++-------
Melee: War axe           |    78 |   130 |   113 ||   321
       Headbutt          |    11 |    29 |    19 ||    59
Evoke: Wand              |       |       |     1 ||     1
  Use: Scroll            |       |     5 |       ||     5
       Potion            |       |     2 |     7 ||     9
Armor: Scale mail        |    40 |    48 |    46 ||   134
       Skin              |       |       |     9 ||     9
Dodge: Dodged            |    46 |    61 |    46 ||   153
Block: Buckler           |    24 |    38 |    33 ||    95

Table legend: (Time is in decaauts)
 A = Elapsed time spent in this place.
 B = Non-inter-level travel time spent in this place.
 C = Inter-level travel time spent in this place.
 D = Time resting spent in this place.
 E = Time spent auto-exploring this place.
 F = Levels seen in this place.
 G = Mean time per level.
                   A        B        C        D        E       F      G
               +--------+--------+--------+--------+--------+-----+--------+
         Total |   6994 |   6920 |     74 |    805 |   5247 |   9 |  777.1 |
       Dungeon |   6975 |   6908 |     67 |    805 |   5247 |   8 |  871.9 |
        Temple |     18 |     11 |      7 |      0 |      0 |   1 |   18.0 |
               +--------+--------+--------+--------+--------+-----+--------+

Top non-repeatable levels by time:
     D:4: 1292 daAuts
     D:3: 1271 daAuts
     D:5: 1145 daAuts
     D:6: 1094 daAuts
     D:1: 955 daAuts
     D:2: 690 daAuts
     D:8: 514 daAuts
  Temple: 18 daAuts
     D:7: 11 daAuts
